Map: Orbital Shipyard

Players

Happy - Winner!

  • Race: Terran Terran
  • League: Grandmaster

hydra

  • Race: Zerg Zerg
  • League: Master

Event: 2016 WCS Winter Circuit Championship

VOD

Have the link to the VOD?

Description

Time

  • Played on: March 2, 2016, 3:44 p.m.
  • Length: 12:18

All games in this series

Show
View Real Time Build Order
Export as new Build Order

Happy Terran - Winner!

Build Orders: Liberator Opening, Reaper Expand, MMM Bio 

Get SALT Encoding   

  12  0:00  SCV  
  13  0:12  SCV  
  14  0:17  Supply Depot  
  14  0:24  SCV  
  15  0:39  SCV  
  15  0:40  Barracks  
  16  0:44  Refinery  
  16  0:51  SCV  
  17  1:03  SCV  
  18  1:16  SCV  
  19  1:27  Reaper  
  19  1:28  Orbital Command  
  20  1:40  Command Center  
  20  1:46  Refinery  
  20  1:53  SCV  
  21  1:56  Supply Depot  
  21  2:05  SCV  
  22  2:10  Factory  
  22  2:16  Barracks Reactor  
  22  2:18  SCV  
  23  2:30  SCV  
  24  2:42  SCV  
  25  2:53  Orbital Command  
  25  2:56  Starport  
  25  2:58  SCV  
  25  3:01  Hellion x2  
  25  3:02  Marine  
  31  3:16  SCV  
  32  3:20  SCV  
  32  3:21  Liberator  
  32  3:23  Hellion x2  
  37  3:28  SCV  
  37  3:32  SCV  
  39  3:40  SCV, Barracks Tech Lab  
  43  3:46  SCV  
  44  3:52  SCV  
  45  3:55  Command Center  
  45  3:57  Supply Depot  
  45  3:58  SCV  
  46  4:05  Liberator  
  46  4:19  SCV  
  46  4:21  Siege Tank, Marine  
  46  4:22  Marine  
  46  4:23  SCV  
  51  4:31  SCV  
  51  4:35  SCV  
  51  4:38  Barracks  
  49  4:39  Refinery, Barracks  
  49  4:40  Supply Depot  
  49  4:43  SCV, Marine x2  
  52  4:48  SCV  
  53  4:53  Refinery  
  53  4:55  SCV  
  54  5:02  Supply Depot, Siege Tank, Engineering Bay  
  56  5:08  Starport Reactor  
  56  5:11  Orbital Command  
  56  5:15  Engineering Bay  
  56  5:16  SCV  
  56  5:17  SCV  
  58  5:23  Marine x2  
  58  5:28  SCV  
  61  5:29  SCV  
  61  5:33  Marine  
  63  5:37  Siege Tank  
  60  5:47  SCV x2  
  54  5:51  Medivac  
  54  5:53  Marine x2  
  54  5:54  SCV  
  59  5:59  SCV x2  
  59  6:00  Terran Infantry Armor Level 1, Terran Infantry Weapons Level 1  
  61  6:06  SCV  
  61  6:07  Supply Depot  
  61  6:08  Orbital Command  
  61  6:09  Barracks Tech Lab x2  
  62  6:11  SCV  
  62  6:15  SCV  
  64  6:23  SCV  
  64  6:25  Armory  
  65  6:27  Stimpack, Combat Shields, Barracks  
  65  6:29  SCV, Barracks  
  65  6:35  SCV  
  66  6:43  SCV  
  66  6:44  SCV  
  66  6:47  Marine x2  
  68  6:48  Supply Depot x2, Siege Tank  
  73  6:52  Missile Turret  
Show
View Real Time Build Order
Export as new Build Order

hydra Zerg 

Build Orders: Hatch First, Roach Nydus 

Get SALT Encoding   

  12  0:00  Drone  
  13  0:12  Overlord  
  13  0:17  Drone  
  14  0:30  Drone x2  
  14  0:34  Drone  
  17  0:50  Hatchery  
  17  0:53  Drone  
  17  0:56  Drone  
  18  1:05  Extractor  
  17  1:12  Spawning Pool  
  17  1:15  Drone  
  17  1:18  Drone  
  18  1:27  Drone  
  19  1:38  Overlord  
  19  1:58  Queen  
  19  1:59  Zergling x4  
  23  2:01  Queen  
  23  2:02  Drone  
  23  2:06  Metabolic Boost  
  26  2:12  Drone  
  26  2:13  Zergling x2  
  28  2:22  Drone  
  29  2:24  Drone  
  30  2:32  Drone  
  30  2:35  Queen  
  33  2:37  Drone  
  33  2:45  Overlord  
  33  2:46  Drone  
  33  2:47  Pneumatized Carapace  
  34  2:54  Drone  
  35  3:04  Drone  
  35  3:05  Drone x2  
  38  3:06  Drone  
  38  3:08  Drone  
  38  3:10  Drone x2  
  38  3:12  Drone  
  43  3:13  Overlord  
  43  3:38  Hatchery, Drone, Lair  
  43  3:39  Drone  
  44  3:42  Roach Warren  
  44  3:45  Overlord  
  44  3:48  Drone  
  44  3:50  Zergling x4  
  44  3:53  Overlord  
  46  3:57  Drone  
  46  3:59  Drone  
  46  4:00  Extractor  
  47  4:04  Queen  
  47  4:05  Drone  
  47  4:07  Drone  
  51  4:13  Zergling x6  
  51  4:15  Drone  
  53  4:19  Drone  
  53  4:20  Drone  
  53  4:21  Drone  
  53  4:23  Drone  
  55  4:25  Extractor x2  
  55  4:27  Drone  
  48  4:31  Drone  
  48  4:32  Drone  
  48  4:38  Nydus Network  
  47  4:42  Spore Crawler  
  46  4:49  Overlord  
  46  4:55  Roach x4  
  46  4:56  Roach  
  56  5:01  Roach  
  56  5:04  Roach  
  59  5:13  Roach  
  61  5:18  Roach  
  63  5:21  Nydus Canal  
  63  5:22  Roach x2  
  67  5:33  Roach x4  
  67  5:43  Roach x2  
  67  5:44  Roach  
  67  5:45  Drone  
  67  5:48  Drone  
  57  5:52  Drone  
  57  5:53  Drone  
  57  5:56  Drone  
  56  5:57  Drone  
  56  5:59  Drone  
  58  6:06  Drone x2  
  58  6:11  Drone x3  
  61  6:13  Drone  
  61  6:17  Drone x2  
  66  6:20  Drone  
  66  6:25  Drone  
  68  6:29  Overlord  
  68  6:42  Overlord  
  67  6:47  Queen x3, Overlord  
Tags
 
Add a new tag
Caveats
  • Supply blocks, unpowered buildings, or Contaminate may cause inaccurate times.
  • Supply counts are checked every 10 seconds.